 Dungeon Crawl Stone Soup version 0.31-a0-150-g89dc3ad700 (webtiles) character file.

Game seed: 10087901091667352005

14503 qw the Marksminotaur (level 11, 0/99 HPs)
             Began as a Minotaur Hunter on June 8, 2023.
             Was an Elder of Okawaru.
             Succumbed to a hornet's poison
             ... on level 1 of the Lair of Beasts.
             The game lasted 00:05:22 (10272 turns).

qw the Marksminotaur (Minotaur Hunter)             Turns: 10272, Time: 00:05:23

Health: 0/99       AC: 10    Str: 17    XL:     11   Next: 89%
Magic:  15/16      EV: 24    Int:  6    God:    Okawaru [****..]
Gold:   815        SH:  5    Dex: 17    Spells: 10/10 levels left

rFire   . . .        Y - +0 orcbow
rCold   . . .        (shield currently unavailable)
rNeg    . . .        d - +0 troll leather armour
rPois   .            (helmet restricted)
rElec   .            (no cloak)
rCorr   .            (no gloves)
SInv    .            j - +0 pair of boots
Will    .....        q - amulet of reflection
Stlth   +++          i - +5 ring of evasion
HPRegen 1.16/turn    f - +4 ring of protection
MPRegen 0.15/turn

%: reflection
@: lethally poisoned (0 -> -8), about to teleport, heroic, slowed, very slow
A: horns 2, retaliatory headbutt
a: Renounce Religion, Heroism, Finesse


You were on level 1 of the Lair of Beasts.
You worshipped Okawaru.
Okawaru was greatly pleased with you.
You visited 3 branches of the dungeon, and saw 13 of its levels.

You collected 911 gold pieces.
You spent 96 gold pieces at shops.


Innate Abilities, Weirdness & Mutations

You have a pair of horns on your head.
You reflexively headbutt those who attack you in melee.


   Skills:
 - Level 10.0(15.0) Fighting
 + Level 15.4(20.4) Ranged Weapons
 - Level 3.2(8.2) Armour
 - Level 7.0(12.0) Dodging
 - Level 0.7(5.7) Stealth
 + Level 8.9 Invocations


You had 10 spell levels left.
You didn't know any spells.
Your spell library was empty.

Inventory:

Hand Weapons
 g - a +0 sling of flaming
 Y - a +0 orcbow (weapon)
Armour
 c - a +2 robe of fire resistance
 d - a +0 troll leather armour (worn)
 j - a +0 pair of boots (worn)
Jewellery
 a - a ring of fire
 f - a +4 ring of protection (right hand)
 i - a +5 ring of evasion (left hand)
 q - an amulet of reflection (around neck)
Scrolls
 e - a scroll of identify
 h - a scroll of noise {unknown}
 m - 4 scrolls of teleportation
Potions
 b - 6 potions of curing
 k - 3 potions of might
 l - a potion of mutation

Dungeon Overview and Level Annotations

Branches:
Dungeon (11/15)            Temple (1/1) D:6            Lair (1/5) D:11
    Orc: D:9-12

Altars:
Ashenzari
Cheibriados
Dithmenos
Elyvilon
Fedhas
Gozag
Hepliaklqana
Kikubaaqudgha
Makhleb
Nemelex Xobeh
Okawaru
Qazlal
Ru
Sif Muna
Trog
Uskayaw
Vehumet
Wu Jian
Xom
Yredelemnul
Zin
The Shining One

Shops:
D:2 !(   D:7 =

Annotations:
D:2 1 runed translucent door, Crazy Yiuf


Message History

You feel sick. The hornet stings you.
You shrug off the repeated paralysis!
The hornet closely misses you. You block the hornet's attack.
You shoot an arrow. The arrow misses the hornet.
You feel sick.
You hear an angry buzzing noise.
The hornet misses you. You furiously retaliate!
You headbutt the hornet, but do no damage.
The hornet misses you. You furiously retaliate!
You headbutt the hornet, but do no damage.
The hornet stings you.
You feel as though you will be slow longer.
You shoot an arrow.
The arrow hits the hornet but does no damage.
The hornet is lightly wounded.
You feel sick. The hornet closely misses you. You furiously retaliate!
You headbutt the hornet. The hornet closely misses you.
You block the hornet's attack. x2
You shoot an arrow. The arrow misses the hornet.
You feel sick. The hornet stings you!
You feel as though you will be slow longer.
You block the hornet's attack. The hornet stings you.
You are more poisoned.
You feel as though you will be slow longer.
10271 ||| READING 5 scrolls of teleportation.
As you read the scroll of teleportation, it crumbles to dust.
You feel strangely unstable.
You feel very sick. The hornet stings you!
You suddenly lose the ability to move!
The hornet stings you.
You feel as though you will be slow longer.
The hornet stings you.
You are lethally poisoned!
You feel as though you will be slow longer.
The hornet stings you.
You feel as though you will be slow longer.
The hornet stings you but does no damage.
You can move again.
You shoot an arrow. The arrow hits the hornet!
The hornet is heavily wounded.
You die...

.............##
#.......####.#
.# ####.P###
#.# . #### #.##
.# #..# . #..##
.# ##...# #.#
#....##y#
#.#P#.@y#
#.###..## #.
#.....
...........
..^.......... .
..............
>
...##........#
# ..#
##.##...## . .


You could see 2 hornets.

Vanquished Creatures
  Fannar (D:10)
  2 two-headed ogres
  Maggie (D:6)
  An unseen horror (D:11)
  A torpor snail (Lair:1)
  2 komodo dragons
  2 trolls
  A hornet (Lair:1)
  2 shadows (D:11)
  A water elemental (D:11)
  2 wraiths (D:10)
  20 yaks
  2 wyverns
  4 steam dragons
  5 water moccasins
  3 acid dragons
  2 ice beasts
  A black bear (D:7)
  A sky beast (D:7)
  2 orc warriors
  2 ogres
  12 wolves
  2 centaurs
  A phantom (D:5)
  2 kobold brigands
  4 bullfrogs
  3 scorpions
  A gnoll sergeant (D:8)
  14 wights
  19 killer bees
  2 electric eels (D:11)
  A howler monkey (D:6)
  11 hounds
  2 jellies
  4 orc priests
  A gnoll bouda (D:7)
  Jessica (D:2)
  2 iguanas (D:6)
  Natasha (thrice) (D:2)
  6 orc wizards
  6 adders
  9 gnolls
  A shadow imp (D:7)
  3 white imps
  2 dart slugs
  25 orcs
  4 bats
  8 endoplasms
  5 giant cockroaches
  17 goblins
  6 hobgoblins
  11 jackals
  6 quokkas
  7 ball pythons
  A frilled lizard (D:2)
  18 kobolds
  5 rats
283 creatures vanquished.

Vanquished Creatures (others)
  A wolf (D:11)
  An orc wizard (D:11)
  An adder (D:6)
3 creatures vanquished.

Grand Total: 286 creatures vanquished

Notes
Turn   | Place    | Note
-------+----------+-------------------------------------------
     0 | D:1      | qw the Minotaur Hunter began the quest for the Orb.
     0 | D:1      | Reached XP level 1. HP: 18/18 MP: 0/0
     0 | D:1      | 0 ||| qw: Version: 0.2-a-119-g7aa9181
     0 | D:1      | 0 ||| qw: Game counter: 2905
     0 | D:1      | 0 ||| qw: Always use a shield: true
     0 | D:1      | 0 ||| qw: God list: Okawaru
     0 | D:1      | 0 ||| qw: Allow faded altars: false
     0 | D:1      | 0 ||| qw: Do Orc after D:15 true
     0 | D:1      | 0 ||| qw: Do second Lair branch before Depths: true
     0 | D:1      | 0 ||| qw: Lair rune preference: random
     0 | D:1      | 0 ||| qw: Plans: Normal
     0 | D:1      | 0 ||| PLANNING D:1-11
   232 | D:1      | Reached XP level 2. HP: 25/25 MP: 1/1
   276 | D:1      | Reached skill level 5 in Ranged Weapons
   420 | D:1      | Reached skill level 3 in Fighting
   711 | D:1      | Reached XP level 3. HP: 31/31 MP: 2/2
   909 | D:1      | 909 ||| READING scroll labelled KOIXUX ATHATIKK.
   910 | D:1      | 910 ||| DROPPING scroll of butterflies.
  1109 | D:2      | 1109 ||| DROPPING +0 sling of freezing.
  1307 | D:2      | Found Jopsihad's Distillery.
  1320 | D:2      | 1320 ||| BUYING potion of curing (36 gold).
  1320 | D:2      | Bought a potion of curing for 36 gold pieces
  1320 | D:2      | 1320 ||| SHOPLISTING potion of haste (120 gold, have 88).
  1320 | D:2      | 1320 ||| BUYING potion of heal wounds (60 gold).
  1320 | D:2      | Bought a potion of heal wounds for 60 gold pieces
  1320 | D:2      | 1320 ||| SHOPLISTING potion of heal wounds (60 gold, have
                  | 28).
  1320 | D:2      | 1320 ||| SHOPLISTING potion of might (48 gold, have 28).
  1377 | D:2      | Noticed Jessica
  1379 | D:2      | Killed Jessica
  1380 | D:2      | Reached skill level 6 in Ranged Weapons
  1380 | D:2      | Reached XP level 4. HP: 38/38 MP: 3/3
  1403 | D:2      | Noticed Natasha
  1411 | D:2      | Killed Natasha
  1551 | D:2      | Found a runed translucent door.
  1552 | D:2      | Noticed Crazy Yiuf
  1883 | D:2      | Found Surhopp's Weapon Shoppe.
  1893 | D:2      | 1893 ||| SHOPLISTING +7 sling "Domanig" {speed, rF+} (695
                  | gold, have 46).
  1894 | D:2      | Noticed Natasha
  1902 | D:2      | Killed Natasha
  1903 | D:2      | Reached XP level 5. HP: 38/46 MP: 4/4
  1935 | D:2      | Identified the +0 plate armour "Ceiza" {*Slow Int+5}
  1970 | D:2      | Noticed Natasha
  1976 | D:2      | Killed Natasha
  2150 | D:2      | 2150 ||| UPGRADING to ring of protection from cold.
  2151 | D:2      | 2151 ||| UPGRADING to +4 ring of protection.
  2152 | D:2      | 2152 ||| READING 2 scrolls labelled VICOLI RAUMUAC.
  2713 | D:3      | Found a faded altar of an unknown god.
  2774 | D:3      | Found a sacrificial altar of Ru.
  2805 | D:3      | Noticed an ogre
  2819 | D:3      | Killed an ogre
  2820 | D:3      | Reached skill level 7 in Ranged Weapons
  2820 | D:3      | Reached XP level 6. HP: 51/52 MP: 5/5
  2825 | D:3      | 2825 ||| UPGRADING to +0 ring mail.
  2835 | D:3      | 2835 ||| DROPPING +0 leather armour.
  2836 | D:3      | 2836 ||| UPGRADING to amulet of regeneration.
  2841 | D:3      | 2841 ||| READING scroll labelled WEORIBR DOFRA.
  2844 | D:3      | 2844 ||| READING 2 scrolls labelled HEOSO FESTOIFE.
  2845 | D:3      | 2845 ||| READING scroll labelled WITSEFE CEJOO.
  2846 | D:3      | 2846 ||| DRINKING 2 fizzy inky potions.
  2847 | D:3      | 2847 ||| READING 2 scrolls of identify.
  2847 | D:3      | 2847 ||| IDENTIFYING fizzy blue potion
  2848 | D:3      | 2848 ||| DROPPING scroll of blinking.
  2960 | D:4      | Identified the +1 whip of Zyikuc {vamp, Fragile Dex+5
                  | Stlth+}
  3010 | D:4      | HP: 7/52 [ogre/+0 giant club (22)]
  3011 | D:4      | 3011 ||| DRINKING 4 potions of heal wounds.
  3067 | D:4      | Reached skill level 8 in Ranged Weapons
  3405 | D:4      | Reached XP level 7. HP: 60/60 MP: 6/6
  3663 | D:4      | 3663 ||| UPGRADING to +0 pair of boots.
  3668 | D:4      | 3668 ||| READING scroll labelled SIDERHENWI.
  3673 | D:5      | Entered Level 5 of the Dungeon
  3694 | D:5      | Reached skill level 9 in Ranged Weapons
  4188 | D:5      | Reached skill level 3 in Dodging
  4247 | D:5      | HP: 14/61 [gnoll/+0 halberd (11)]
  4248 | D:5      | 4248 ||| READING scroll of teleportation.
  4249 | D:5      | 4249 ||| DRINKING 4 potions of heal wounds.
  4407 | D:5      | 4407 ||| READING scroll labelled QYIL WIUJYIKHO.
  4408 | D:5      | 4408 ||| READING scroll labelled FAUK QOZEAN.
  4409 | D:5      | 4409 ||| DRINKING 2 white potions.
  4410 | D:5      | 4410 ||| READING 2 scrolls of identify.
  4410 | D:5      | 4410 ||| IDENTIFYING lumpy clear potion
  4411 | D:5      | 4411 ||| DROPPING potion of lignification.
  4412 | D:5      | 4412 ||| DROPPING potion of degeneration.
  4459 | D:6      | Reached skill level 6 in Fighting
  4480 | D:6      | Reached XP level 8. HP: 70/70 MP: 7/7
  4501 | D:6      | HP: 17/70 [poisoned by a water moccasin]
  4502 | D:6      | 4502 ||| READING scroll of teleportation.
  4503 | D:6      | 4503 ||| DRINKING 3 potions of heal wounds.
  4504 | D:6      | HP: 7/70 [water moccasin (7)]
  4505 | D:6      | 4505 ||| DRINKING 2 potions of heal wounds.
  4586 | D:6      | 4586 ||| Stepping ~*~*~tactically~*~*~ (cloud).
  4596 | D:6      | 4596 ||| Stepping ~*~*~tactically~*~*~ (cloud).
  4619 | D:6      | Found a staircase to the Ecumenical Temple.
  4620 | D:6      | 4620 ||| PLANNING TEMPLE
  4629 | Temple   | Entered the Ecumenical Temple
  4663 | Temple   | 4663 ||| PLANNING OKAWARU WORSHIP
  4721 | Temple   | Became a worshipper of Warmaster Okawaru
  4721 | Temple   | 4721 ||| PLANNING D:1-11
  4803 | D:6      | Reached skill level 10 in Ranged Weapons
  4830 | D:6      | 4830 ||| Stepping ~*~*~tactically~*~*~ (outnumbered).
  4894 | D:6      | Noticed Maggie
  4919 | D:6      | HP: 17/73 [Maggie/+0 broad axe of pain (11)]
  4920 | D:6      | 4920 ||| DRINKING potion of heal wounds.
  4923 | D:6      | HP: 8/73 [Maggie/+0 broad axe of pain (11)]
  4925 | D:6      | Killed Maggie
  4925 | D:6      | Reached * piety under Okawaru
  4926 | D:6      | Reached skill level 11 in Ranged Weapons
  4926 | D:6      | 4926 ||| INVOKING Heroism.
  4933 | D:6      | Reached skill level 1 in Invocations
  4997 | D:6      | Reached skill level 3 in Armour
  4997 | D:6      | Reached XP level 9. HP: 64/79 MP: 7/9
  5180 | D:6      | Reached ** piety under Okawaru
  5276 | D:6      | 5276 ||| UPGRADING to +0 steam dragon scales.
  5286 | D:6      | 5286 ||| DROPPING +0 ring mail.
  5287 | D:6      | 5287 ||| DROPPING ring of resist corrosion.
  5288 | D:6      | 5288 ||| UPGRADING to +5 ring of evasion.
  5290 | D:6      | 5290 ||| DROPPING ring of protection from cold.
  5291 | D:6      | 5291 ||| DRINKING 2 dark potions.
  5292 | D:6      | 5292 ||| DROPPING potion of enlightenment.
  5316 | D:7      | 5316 ||| INVOKING Heroism.
  5333 | D:7      | Reached skill level 3 in Invocations
  5336 | D:7      | 5336 ||| STAIRDANCE
  5419 | D:7      | 5419 ||| INVOKING Heroism.
  5471 | D:7      | 5471 ||| Stepping ~*~*~tactically~*~*~ (outnumbered).
  5477 | D:7      | 5477 ||| Stepping ~*~*~tactically~*~*~ (outnumbered).
  5491 | D:7      | 5491 ||| INVOKING Heroism.
  5591 | D:7      | 5591 ||| INVOKING Heroism.
  5667 | D:7      | Found Gutaejipp's One-of-a-Kind Rings.
  5674 | D:7      | 5674 ||| SHOPLISTING +6 ring of protection (936 gold, have
                  | 416).
  5674 | D:7      | 5674 ||| SHOPLISTING +6 ring of slaying (1725 gold, have
                  | 416).
  5674 | D:7      | 5674 ||| SHOPLISTING ring of Weufrur {rElec rC+ Dex+3} (543
                  | gold, have 416).
  5674 | D:7      | 5674 ||| SHOPLISTING ring of the Circus Animal {Fire Dex+2}
                  | (434 gold, have 416).
  6148 | D:7      | 6148 ||| UPGRADING to +2 robe of fire resistance.
  6158 | D:7      | 6158 ||| UPGRADING to amulet of reflection.
  6168 | D:7      | 6168 ||| DROPPING amulet of regeneration.
  6169 | D:7      | 6169 ||| READING scroll labelled JEODAB JUNYFF.
  6170 | D:7      | 6170 ||| READING 3 scrolls of identify.
  6170 | D:7      | 6170 ||| IDENTIFYING amethyst potion
  6171 | D:7      | 6171 ||| DROPPING potion of berserk rage.
  6236 | D:8      | 6236 ||| INVOKING Heroism.
  6351 | D:8      | 6351 ||| SWAPPING to +0 orcbow.
  6352 | D:8      | 6352 ||| DROPPING +1 shortbow.
  6364 | D:8      | Reached skill level 12 in Ranged Weapons
  6399 | D:8      | 6399 ||| Stepping ~*~*~tactically~*~*~ (outnumbered).
  6414 | D:8      | 6414 ||| FLEEEEING.
  6415 | D:8      | 6415 ||| FLEEEEING.
  6416 | D:8      | 6416 ||| FLEEEEING.
  6417 | D:8      | 6417 ||| FLEEEEING.
  6418 | D:8      | 6418 ||| FLEEEEING.
  6419 | D:8      | 6419 ||| FLEEEEING.
  6420 | D:8      | 6420 ||| FLEEEEING.
  6421 | D:8      | 6421 ||| FLEEEEING.
  6422 | D:8      | 6422 ||| FLEEEEING.
  6423 | D:8      | 6423 ||| FLEEEEING.
  6424 | D:8      | 6424 ||| FLEEEEING.
  6425 | D:8      | 6425 ||| FLEEEEING.
  6426 | D:8      | 6426 ||| FLEEEEING.
  6427 | D:8      | 6427 ||| STAIRDANCE
  6494 | D:8      | 6494 ||| INVOKING Heroism.
  6536 | D:8      | 6536 ||| INVOKING Heroism.
  6558 | D:8      | Reached skill level 6 in Dodging
  6614 | D:8      | 6614 ||| Stepping ~*~*~tactically~*~*~ (outnumbered).
  6618 | D:8      | 6618 ||| Stepping ~*~*~tactically~*~*~ (outnumbered).
  6676 | D:8      | Reached XP level 10. HP: 88/88 MP: 12/12
  6749 | D:8      | Found a flagged portal.
  6756 | D:8      | 6756 ||| Stepping ~*~*~tactically~*~*~ (outnumbered).
  6758 | D:8      | 6758 ||| Stepping ~*~*~tactically~*~*~ (outnumbered).
  6760 | D:8      | 6760 ||| Stepping ~*~*~tactically~*~*~ (outnumbered).
  6763 | D:8      | 6763 ||| Stepping ~*~*~tactically~*~*~ (outnumbered).
  6943 | D:8      | Reached *** piety under Okawaru
  7165 | D:8      | 7165 ||| INVOKING Heroism.
  7228 | D:8      | 7228 ||| READING 2 scrolls of identify.
  7228 | D:8      | 7228 ||| IDENTIFYING puce potion
  7229 | D:8      | 7229 ||| DROPPING potion of invisibility.
  7325 | D:9      | 7325 ||| INVOKING Heroism.
  7378 | D:9      | Reached skill level 13 in Ranged Weapons
  7582 | D:9      | Reached skill level 9 in Fighting
  7752 | D:9      | Noticed a two-headed ogre
  7753 | D:9      | 7753 ||| INVOKING Heroism.
  7770 | D:9      | Killed a two-headed ogre
  7770 | D:9      | Reached **** piety under Okawaru
  7771 | D:9      | Reached skill level 14 in Ranged Weapons
  8082 | D:9      | 8082 ||| DROPPING ring of magical power.
  8083 | D:9      | 8083 ||| READING scroll labelled GIGHAH JUNED.
  8085 | D:9      | 8085 ||| Stepping ~*~*~tactically~*~*~ (cloud).
  8183 | D:10     | Entered Level 10 of the Dungeon
  8196 | D:10     | 8196 ||| INVOKING Heroism.
  8314 | D:10     | 8314 ||| INVOKING Heroism.
  8547 | D:10     | Reached XP level 11. HP: 97/97 MP: 14/14
  8551 | D:10     | 8551 ||| INVOKING Heroism.
  8745 | D:10     | 8745 ||| DROPPING +0 steam dragon scales.
  8746 | D:10     | 8746 ||| UPGRADING to +0 troll leather armour.
  8785 | D:11     | Found a hide-covered altar of Uskayaw.
  8798 | D:11     | Noticed Fannar
  8801 | D:11     | Reached skill level 6 in Invocations
  8824 | D:11     | 8824 ||| INVOKING Heroism.
  8828 | D:11     | HP: 23/99 [yak (13)]
  8828 | D:11     | HP: 7/99 [something (6)]
  8829 | D:11     | 8829 ||| READING 5 scrolls of teleportation.
  8830 | D:11     | 8830 ||| DRINKING potion of heal wounds.
  8833 | D:11     | 8833 ||| FLEEEEING.
  8834 | D:11     | 8834 ||| FLEEEEING.
  8835 | D:11     | 8835 ||| STAIRDANCE
  8919 | D:11     | 8919 ||| STAIRDANCE
  8932 | D:10     | 8932 ||| INVOKING Heroism.
  8944 | D:10     | Killed Fannar
  8994 | D:11     | 8994 ||| INVOKING Heroism.
  9043 | D:11     | 9043 ||| INVOKING Heroism.
  9045 | D:11     | 9045 ||| DRINKING 6 potions of curing.
  9045 | D:11     | 9045 ||| (to cure confusion)
  9059 | D:11     | 9059 ||| DRINKING 5 potions of curing.
  9059 | D:11     | 9059 ||| (to cure confusion)
  9093 | D:11     | Found a staircase to the Lair.
  9100 | D:11     | Noticed a two-headed ogre
  9101 | D:11     | 9101 ||| INVOKING Heroism.
  9116 | D:11     | Killed a two-headed ogre
  9232 | D:11     | 9232 ||| INVOKING Heroism.
  9379 | D:11     | 9379 ||| FLEEEEING.
  9382 | D:11     | 9382 ||| FLEEEEING.
  9714 | D:11     | 9714 ||| PLANNING LAIR
  9714 | D:11     | 9714 ||| READING scroll labelled OSOYBB GUTYZAD.
  9715 | D:11     | 9715 ||| READING scroll labelled ZILICV BIYPN.
  9716 | D:11     | 9716 ||| READING 2 scrolls of identify.
  9716 | D:11     | 9716 ||| IDENTIFYING fizzy brown potion
  9717 | D:11     | 9717 ||| DROPPING potion of attraction.
  9744 | Lair:1   | Entered Level 1 of the Lair of Beasts
  9811 | Lair:1   | 9811 ||| INVOKING Heroism.
  9819 | Lair:1   | Reached skill level 15 in Ranged Weapons
  9904 | Lair:1   | 9904 ||| INVOKING Heroism.
 10014 | Lair:1   | Reached ***** piety under Okawaru
 10137 | Lair:1   | 10137 ||| INVOKING Heroism.
 10260 | Lair:1   | Paralysed by a hornet for 2 turns
 10265 | Lair:1   | 10265 ||| INVOKING Heroism.
 10265 | Lair:1   | Paralysed by a hornet for 1 turns
 10270 | Lair:1   | HP: 24/99 [hornet (6)]
 10271 | Lair:1   | 10271 ||| READING 5 scrolls of teleportation.
 10271 | Lair:1   | Paralysed by a hornet for 1 turns
 10271 | Lair:1   | HP: 9/99 [hornet (6)]
 10271 | Lair:1   | HP: 3/99 [hornet (5)]
 10272 | Lair:1   | Succumbed to a hornet's poison

Levels and vault maps discovered:
D:1:      dpeg_arrival_simpleton_a, layout_loops_corners,
          nicolae_figureground_pulse
D:2:      layout_basic, serial_shops, nicolae_shop_bloodbath_and_beyond,
          nicolae_shop_industrial_runoff, minmay_split_cup_small, uniq_jessica,
          uniq_crazy_yiuf_cottage, uniq_natasha
D:3:      layout_loops_ring, mainiacjoe_overflow_alcove_1,
          shapermc_ecumenical_altar_mp_urbaneastern, minmay_ogre_servants
D:4:      layout_loops_ring, serial_forest, infiniplex_forest_clump_long,
          infiniplex_forest_side_room, infiniplex_forest_zigzag_1,
          infiniplex_forest_clump_long, infiniplex_forest_straight_3,
          infiniplex_forest_corner_1, eino_tiny_chamber
D:5:      layout_gridville, minmay_increasing_density
D:6:      layout_rooms, minmay_temple_entry_mist, uniq_maggie
D:7:      nicolae_cairo_tiling_very_big, layout_basic, nicolae_shop_unique_rings
D:8:      layout_basic, enter_bailey_5, minmay_misc_feat_four_crosses,
          hangedman_decor_opposing, hangedman_decor_clover_reticule,
          dk_rats_in_the_wall
D:9:      layout_loops_ring
D:10:     layout_basic
D:11:     layout_roguey, erik_lair_island, eat_drink_and_be_merry_uskayaw,
          uniq_fannar
Temple:   compressed_dpeg_circular_temple
Lair:1:   layout_gridlike, minmay_stone_trees_small, dreamdust_wasp_nest,
          lemuel_fruit_tree, lemuel_fruit_fields, lemuel_fruit_fields

Skill      XL: |  1  2  3  4  5  6  7  8  9 10 11 |
---------------+----------------------------------+-----
Ranged Weapons | 5 6 7 8 9 11 12 14 15 | 15.4
Fighting       | 3 4 6 7 8 9 10 | 10.0
Armour         | 2 3 |  3.2
Dodging        | 3 6 7 |  7.0
Invocations    | 1 4 5 8 |  8.9
Stealth        | |  0.7

Action                     |  1- 3 |  4- 6 |  7- 9 | 10-12 || total
---------------------------+-------+-------+-------+-------++-------
   Fire: Shortbow          |   124 |   132 |   417 |       ||   673
         Orcbow            |       |       |   101 |   573 ||   674
 Invoke: Heroism           |       |       |     8 |    16 ||    24
    Use: Scroll            |     1 |     5 |     8 |     7 ||    21
         Potion            |       |     2 |     6 |     3 ||    11
 Armour: Leather armour    |    14 |     5 |       |       ||    19
         Ring mail         |       |    10 |    82 |       ||    92
         Steam dragon scal |       |       |    18 |       ||    18
         Robe              |       |       |     9 |    10 ||    19
         Troll leather arm |       |       |       |    50 ||    50
  Dodge: Dodged            |    48 |    34 |   257 |   379 ||   718
  Block: Other             |       |       |    15 |    70 ||    85
         Reflection        |       |       |     5 |       ||     5

Table legend:
 A = Non-vault XP
 B = Vault XP
 C = Vault XP percentage of total XP
 D = Non-vault monster count
 E = Vault monster count
 F = Vault count percentage of total count
                 A         B        C        D         E       F
            +---------+---------+-------+---------+---------+-------
      Total |   17950 |    2769 |  13.4 |     250 |      36 |  12.6
            +---------+---------+-------+---------+---------+-------
        D:1 |      47 |       0 |   0.0 |      28 |       0 |   0.0
        D:2 |     105 |      88 |  45.6 |      14 |       5 |  26.3
        D:3 |      27 |     136 |  83.4 |      10 |       9 |  47.4
        D:4 |     469 |       0 |   0.0 |      28 |       0 |   0.0
        D:5 |     202 |     265 |  56.7 |       8 |       7 |  46.7
        D:6 |    1207 |     424 |  26.0 |      21 |       1 |   4.5
        D:7 |    1155 |       0 |   0.0 |      21 |       0 |   0.0
        D:8 |    2004 |       7 |   0.3 |      38 |       4 |   9.5
        D:9 |    2913 |       0 |   0.0 |      22 |       0 |   0.0
       D:10 |    2838 |     891 |  23.9 |      15 |       1 |   6.2
       D:11 |    3445 |     687 |  16.6 |      24 |       8 |  25.0
     Lair:1 |    3538 |     271 |   7.1 |      21 |       1 |   4.5
            +---------+---------+-------+---------+---------+-------
